 Dungeon Crawl Stone Soup version 0.31-a0-175-g9f7f995f2b (webtiles) character file.

Game seed: 16676732417950030688

82 mopl the Insei (level 4, -4/32 HPs)
             Began as a Djinni Transmuter on June 16, 2023.
             Killed by divine providence
             ... invoked by an orc priest
              (12 damage)
             ... on level 3 of the Dungeon.
             The game lasted 00:02:37 (1368 turns).

mopl the Insei (Djinni Transmuter)                  Turns: 1368, Time: 00:02:38

Health: -4/32      AC:  2    Str: 11    XL:     4   Next: 70%
Gold:   130        EV: 12    Int: 15    God:
                   SH:  0    Dex: 13

rFire   + +          +
                       - Unarmed
rCold   x . .        (no shield)
rNeg    . . .        a - +0 robe
rPois   ∞            (no helmet)
rElec   .            (no cloak)
rCorr   .            (no gloves)
SInv    .            (boots unavailable)
Will    .....        (no amulet)
Stlth   +            f - ring of protection from fire
HPRegen 0.25/turn    (no ring)
MPRegen 0.00/turn

%: infuse magic (-5 HP)
@: flying, very slightly contaminated
A: sickness immunity, fire resistance 2, cold vulnerability 1, float, innate
caster, HP casting, extra vitality 1
a: no special abilities


You were on level 3 of the Dungeon.
You visited 1 branch of the dungeon, and saw 3 of its levels.

You collected 130 gold pieces.

Inventory:

Missiles
 k - 5 poisoned darts
Armour
 a - a +0 robe (worn)
 d - a +0 tower shield
Jewellery
 f - a ring of protection from fire (left hand)
Scrolls
 c - 4 scrolls of identify
 e - 2 scrolls of fear {unknown}
 h - a scroll of enchant armour {unknown}
 i - a scroll of fog {unknown}
Potions
 b - a potion of lignification {!q}
 g - a potion of heal wounds
 j - a potion of resistance


   Skills:
 - Level 1.0 Fighting
 - Level 2.1 Dodging
 * Level 4.6 Unarmed Combat
 + Level 2.7 Spellcasting
 + Level 2.7 Conjurations
 + Level 2.7 Hexes
   Level 0.0 Charms
 + Level 2.7 Summonings
 + Level 2.7 Necromancy
 + Level 2.7 Translocations
 + Level 2.7 Transmutations
 + Level 2.7 Fire Magic
 + Level 2.7 Ice Magic
 + Level 2.7 Air Magic
 + Level 2.7 Earth Magic
 + Level 2.7 Poison Magic


You knew the following spells:

 Your Spells              Type           Power      Damage    Failure   Level
a - Beastly Appendage     Tmut           20%        N/A       7%          1
b - Spider Form           Tmut/Pois      10%        N/A       21%         3
c - Necrotise             Necr           40%        1d6       7%          1
d - Ice Form              Ice/Tmut       10%        N/A       56%         4
w - Wereblood             Tmut           10%        N/A       11%         2
Your spell library was empty.

Dungeon Overview and Level Annotations

Branches:
Dungeon (3/15)

Altars:

Shops:
D:3 [


Innate Abilities, Weirdness & Mutations

You are immune to sickness and miasma.
You are immune to poison.
Your flesh is very heat resistant. (rF++)
You are vulnerable to cold. (rC-)
You float through the air rather than walking.
You learn spells naturally, not from books.
Your magical power is your life essence.
You have superior vitality. (+4 MHP)


Message History

You kill the adder!
You punch the ball python!
You kill the ball python!
No target in view!
No target in view!
You see here an adder corpse.
Your transformation is almost over.
There is an entrance to Jeotast's Antique Armour Shoppe here.
You can access your shopping list by pressing '$'.
Your horns disappear.
Found a helmet.
Found a book of Changes and a dagger.
The endoplasm quivers.
The kobold shouts!
The ball python hisses angrily.
The kobold shouts!
The orc shouts!
An orc priest comes into view. It is wielding a +0 flail.
Found 19 gold pieces.
The kobold shouts!
The orc priest shouts!
You hear a shout!
An orc comes into view. It is wielding a +0 dagger.
A hobgoblin opens the door.
Found a scroll labelled GER PEXAECERONK.
Unknown command.
Casting: Beastly Appendage (safe; 7% risk of failure)
Confirm with . or Enter, or press ? or * to list all spells.
You miscast Wereblood.
You are very lightly contaminated with residual magic.
Nothing appears to happen.
Casting: Wereblood (safe; 11% risk of failure)
Confirm with . or Enter, or press ? or * to list all spells.
The spell is quite dangerous to miscast (21% risk of failure)!
Continue anyway?
You miscast Spider Form.
Nothing appears to happen.
The orc priest mumbles some strange prayers to Beogh against you.
Pain shoots through your body!
The orc priest invokes the aid of Beogh against you.
Beogh smites you!
* * * LOW HITPOINT WARNING * * *
You see here an adder corpse.
The orc priest invokes the aid of Beogh against you.
Beogh smites you!
You die...

####...≈≈∩........#
#......≈≈~~~......#
#......o≈≈≈.......#
#.................#
#.................#
#.................#
#........#...#####
#........###†##
####...### #.@##
##### #...
##..######...# ####
#####..........#
#..............#
#..............#
#..............###
#....)......#....##
#...........####..#
#########.### #..#


You could see an orc priest.

Vanquished Creatures
  3 adders
  A worm (D:2)
  5 endoplasms
  A giant cockroach (D:1)
  7 goblins
  4 hobgoblins
  6 kobolds
  3 quokkas (D:1)
  6 ball pythons
  8 bats
  2 frilled lizards
  4 rats
50 creatures vanquished.

Notes
Turn   | Place    | Note
-------+----------+-------------------------------------------
     0 | D:1      | mopl the Djinni Transmuter began the quest for the Orb.
     0 | D:1      | mopl set off with the following spells memorised: Beastly
                  | Appendage, Wereblood, Spider Form, Ice Form.
     0 | D:1      | Reached XP level 1. HP: 17/17 MP: 0/0
   115 | D:1      | Reached XP level 2. HP: 22/22 MP: 0/0
   298 | D:1      | Reached XP level 3. HP: 11/27 MP: 0/0
   298 | D:1      | Learned a level 1 spell: Necrotise
   779 | D:2      | Reached skill level 4 in Unarmed Combat
   798 | D:2      | Reached XP level 4. HP: 24/32 MP: 0/0
  1323 | D:3      | Found Jeotast's Antique Armour Shoppe.
  1368 | D:3      | Killed from afar by an orc priest

Illustrated notes

Levels and vault maps discovered:
D:1:      saegor_arrival_simple_c, layout_rooms
D:2:      cheibrodos_helix_gallery, layout_rooms
D:3:      layout_basic, serial_shops, nicolae_shop_waterfront,
          shapermc_ecumenical_altar_mp_highgroup, minmay_joined_circles

Skill      XL: |  1  2  3 |
---------------+----------+-----
Unarmed Combat | 4 |  4.6
Fighting       | |  1.0
Dodging        | |  2.1
Spellcasting   | |  2.7
Conjurations   | |  2.7
Hexes          | |  2.7
Summonings     | |  2.7
Necromancy     | |  2.7
Translocations | |  2.7
Transmutations | |  2.7
Fire Magic     | |  2.7
Ice Magic      | |  2.7
Air Magic      | |  2.7
Earth Magic    | |  2.7
Poison Magic   | |  2.7

Action                     |  1- 3 |  4- 6 || total
---------------------------+-------+-------++-------
  Melee: Unarmed           |   120 |    32 ||   152
         Headbutt          |    16 |     8 ||    24
         Punch             |     1 |       ||     1
   Cast: Beastly Appendage |    18 |    10 ||    28
    Use: Scroll            |       |     2 ||     2
   Stab: Sleeping          |     1 |       ||     1
 Armour: Robe              |    34 |     5 ||    39
  Dodge: Dodged            |    87 |    23 ||   110

Table legend: (Time is in decaauts)
 A = Elapsed time spent in this place.
 B = Non-inter-level travel time spent in this place.
 C = Inter-level travel time spent in this place.
 D = Time resting spent in this place.
 E = Time spent auto-exploring this place.
 F = Levels seen in this place.
 G = Mean time per level.
                   A        B        C        D        E       F      G
               +--------+--------+--------+--------+--------+-----+--------+
         Total |   1356 |   1352 |      4 |    368 |    612 |   3 |  452.0 |
       Dungeon |   1356 |   1352 |      4 |    368 |    612 |   3 |  452.0 |
               +--------+--------+--------+--------+--------+-----+--------+

Top non-repeatable levels by time:
     D:2: 651 daAuts
     D:1: 600 daAuts
     D:3: 103 daAuts
